 Dungeon Crawl Stone Soup version 0.31-a0-654-gbe3e110b4e (webtiles) character file.

Game seed: 8889124896515626338

16130 rjrrt the Grappler (level 12, 0/122 HPs)
             Began as a Troll Fighter on Aug 30, 2023.
             Was an Elder of Okawaru.
             Slain by an eight-headed hydra (9 damage)
             ... on level 2 of the Lair of Beasts.
             The game lasted 00:26:40 (10956 turns).

rjrrt the Grappler (Troll Fighter)                 Turns: 10956, Time: 00:26:40

Health: 0/122      AC:  8    Str: 31    XL:     12   Next: 7%
Magic:  12/13      EV: 16    Int:  4    God:    Okawaru [****..]
Gold:   180        SH: 13    Dex:  9    Spells: 11/11 levels left

rFire   . . .        b - +3 trident (drain)
rCold   + . .        E - +1 kite shield
rNeg    . . .        H - +1 robe {rC+}
rPois   .            (helmet restricted)
rElec   .            y - +2 cloak
rCorr   .            (gloves unavailable)
SInv    +            (boots unavailable)
Will    .....        u - amulet of faith
Stlth   +++          k - ring of see invisible
HPRegen 1.20/turn    r - +5 ring of evasion
MPRegen 0.13/turn

%: faith
@: heroic, studying Long Blades
A: large, unfitting armour, claws 3, regeneration 1, shaggy fur 1, tough skin 1
a: Renounce Religion, Heroism, Finesse


You were on level 2 of the Lair of Beasts.
You worshipped Okawaru.
Okawaru was greatly pleased with you.
You visited 3 branches of the dungeon, and saw 14 of its levels.
You also visited: Ossuary.

You collected 769 gold pieces.
You spent 589 gold pieces at shops.

Inventory:

Hand Weapons
 b - a +3 trident of draining (weapon)
Missiles
 z - a throwing net
 A - 6 boomerangs (quivered)
Armour
 y - a +2 cloak (worn)
 E - a +1 kite shield (worn)
 H - a +1 robe of cold resistance (worn)
Jewellery
 k - a ring of see invisible (left claw)
 q - a ring of ice
 r - a +5 ring of evasion (right claw)
 u - an amulet of faith (around neck)
 B - a ring of protection from fire
Wands
 h - a wand of polymorph (7)
 w - a wand of charming (8)
 x - a wand of flame (32)
 G - a wand of mindburst (10)
Scrolls
 e - 4 scrolls of teleportation
 l - 4 scrolls of fear
 o - a scroll of revelation
 t - 4 scrolls of blinking
 D - 2 scrolls of poison
 F - a scroll of identify
Potions
 a - a potion of cancellation
 d - 9 potions of curing
 g - 5 potions of lignification
 i - 2 potions of brilliance
 j - a potion of enlightenment
 m - a potion of mutation
 n - 6 potions of heal wounds
 s - a potion of resistance
 v - 4 potions of haste
 C - 2 potions of invisibility


   Skills:
 + Level 8.3(13.3) Fighting
 + Level 4.3(9.3) Throwing
 - Level 2.4(7.4) Dodging
 + Level 9.1(14.1) Shields
 * Level 13.4(18.4) Unarmed Combat
 + Level 3.5 Invocations


You had 11 spell levels left.
You didn't know any spells.
Your spell library contained the following spells:

 Spells                   Type           Power      Damage    Failure   Level
 Magic Dart               Conj           0%         1d3       63%         1
 Sublimation of Blood     Necr           0%         N/A       77%         2
 Wereblood                Tmut           0%         N/A       77%         2
 Mephitic Cloud           Conj/Pois/Air  0%         N/A       94%         3
 Passage of Golubria      Tloc           0%         N/A       100%        4
 Silence                  Hex/Air        0%         N/A       100%        5
 Lehudib's Crystal Spear  Conj/Erth      0%         10d2      100%        8
 Call Imp                 Summ           Unusable   N/A       N/A         2
 Summon Hydra             Summ           Unusable   N/A       N/A         7

Dungeon Overview and Level Annotations

Branches:
Dungeon (11/15)            Temple (1/1) D:4            Lair (2/5) D:11
    Orc (0/2) D:11        Ossuary (visited)
  Swamp: Lair:2-3    Shoals: Lair:2-3     Snake: Lair:2-3    Spider: Lair:2-3

Altars:
Ashenzari
Cheibriados
Dithmenos
Elyvilon
Fedhas
Gozag
Hepliaklqana
Kikubaaqudgha
Makhleb
Nemelex Xobeh
Okawaru
Qazlal
Ru
Sif Muna
Trog
Uskayaw
Vehumet
Wu Jian
Xom
Yredelemnul
Zin
The Shining One

Shops:
D:8 ??::*   D:9 (   D:10 (!:

Annotations:
D:4 exclusion: oklob plant
D:8 1 runed translucent door, 1 transporter, mandarbmax's ghost, novice TrSh
D:11 exclusions: obsidian statue and orange crystal statue


Innate Abilities, Weirdness & Mutations

You are too large for most types of armour.
You have claws for hands.
Your natural rate of healing is unusually fast.
You are covered in fur. (AC +1)
You have tough skin. (AC +1)


Message History

You block the eight-headed hydra's attack.
The eight-headed hydra misses you.
You block the eight-headed hydra's attack.
The eight-headed hydra bites you but does no damage.
You block the eight-headed hydra's attack.
The eight-headed hydra bites you but does no damage.
The eight-headed hydra bites you.
* * * LOW HITPOINT WARNING * * *
You puncture the eight-headed hydra! You drain the eight-headed hydra.
The eight-headed hydra is almost dead.
The eight-headed hydra barely misses you.
The eight-headed hydra bites you.
* * * LOW HITPOINT WARNING * * *
You block the eight-headed hydra's attack.
The eight-headed hydra closely misses you. x2
You block the eight-headed hydra's attack. x2
The eight-headed hydra bites you but does no damage.
You puncture the eight-headed hydra!
The eight-headed hydra is almost dead.
You block the eight-headed hydra's attack.
The eight-headed hydra closely misses you. x2
The eight-headed hydra bites you but does no damage.
You block the eight-headed hydra's attack.
The eight-headed hydra bites you but does no damage.
The eight-headed hydra barely misses you.
You block the eight-headed hydra's attack.
You hit the eight-headed hydra.
The eight-headed hydra is almost dead.
The eight-headed hydra bites you.
* * * LOW HITPOINT WARNING * * *
The eight-headed hydra completely misses you.
The eight-headed hydra misses you.
You block the eight-headed hydra's attack. x2
The eight-headed hydra misses you.
You block the eight-headed hydra's attack.
The eight-headed hydra closely misses you.
You block the eight-headed hydra's attack.
The eight-headed hydra barely misses you.
The eight-headed hydra bites you!
You die...

#...# ....
##... ###
#...# ....
#...
.....##..###
...........#
#D@...#
#.....#
#..##..#
.... .#
#.... .#
#..... ..
...... .
#.......


You could see an eight-headed hydra (drained).

Vanquished Creatures
  Erica (Lair:1)
  4 two-headed ogres
  Pikel (D:5)
  An ugly thing (D:11)
  Jeremiah (Lair:1)
  A gargoyle (D:10)
  2 unseen horror zombies (D:8)
  3 komodo dragons (Lair:1)
  2 kobold demonologists (D:11)
  A troll (D:10)
  A hornet (D:10)
  5 blink frogs
  Sigmund (D:5)
  A vampire (D:11)
  A basilisk (Lair:1)
  17 yaks
  7 water moccasins
  Duvessa (D:7)
  An acid dragon (D:9)
  A sky beast (D:8)
  3 orc warriors
  An ice beast (D:5)
  A hornet zombie (D:8)
  2 black bears
  5 wolves (Lair:1)
  3 centaurs
  A lemure (D:5)
  2 phantoms (D:4)
  4 kobold brigands
  A wyvern zombie (D:8)
  5 bullfrogs
  3 scorpions
  3 water moccasin zombies (Ossuary)
  4 wights
  Dowan (D:7)
  6 killer bees (D:8)
  3 centaur zombies
  2 jellies
  A human zombie (Ossuary)
  A bullfrog zombie (Ossuary)
  2 hounds (D:5)
  Crazy Yiuf (D:6)
  3 gnoll boudas
  6 orc priests
  A sleepcap (D:7)
  8 iguanas
  6 orc wizards
  2 scorpion zombies (Ossuary)
  A killer bee zombie (D:8)
  5 mutant beasts (D:7)
  An ogre zombie (Ossuary)
  A mummy (Ossuary)
  4 adders
  16 gnolls
  A white imp (D:5)
  2 adder zombies (Ossuary)
  3 worms
  4 dart slugs
  33 orcs
  An endoplasm (D:4)
  A giant cockroach (D:4)
  4 hobgoblins
  A jackal (D:2)
  17 kobolds
  4 quokkas
  2 ball pythons (D:2)
  3 bats
  6 frilled lizards
  4 gnoll zombies (Ossuary)
  5 goblins
  5 goblin zombies (Ossuary)
  A hobgoblin zombie (Ossuary)
  2 orc zombies (Ossuary)
  A quokka zombie (D:4)
  6 rats
  A rat zombie (D:4)
  A spectral hobgoblin (D:3)
270 creatures vanquished.

Vanquished Creatures (others)
  A wizard (D:3)
1 creature vanquished.

Grand Total: 271 creatures vanquished

Notes
Turn   | Place    | Note
-------+----------+-------------------------------------------
     0 | D:1      | rjrrt the Troll Fighter began the quest for the Orb.
     0 | D:1      | Reached XP level 1. HP: 22/22 MP: 0/0
   272 | D:1      | Reached XP level 2. HP: 29/29 MP: 1/1
  1029 | D:2      | Reached XP level 3. HP: 36/36 MP: 2/2
  1284 | D:2      | Found a shimmering altar of Xom.
  1501 | D:3      | Reached skill level 3 in Unarmed Combat
  1564 | D:3      | Found a faded altar of an unknown god.
  1844 | D:3      | Found a basalt altar of Yredelemnul.
  1846 | D:3      | Noticed a profane servitor
  1855 | D:3      | Found a glowing golden altar of the Shining One.
  1950 | D:3      | Found a bloodstained altar of Trog.
  1981 | D:3      | Noticed a wizard
  1986 | D:3      | Killed a wizard
  2154 | D:3      | Noticed an angel
  2200 | D:4      | Noticed a phantom
  2236 | D:4      | Killed a phantom
  2237 | D:4      | Reached XP level 4. HP: 35/45 MP: 3/3
  2373 | D:4      | Reached skill level 4 in Unarmed Combat
  2373 | D:4      | Reached XP level 5. HP: 52/53 MP: 4/4
  2538 | D:4      | Found a sand-covered staircase.
  2545 | Ossuary  | Entered an ossuary
  2680 | Ossuary  | Reached XP level 6. HP: 47/61 MP: 5/5
  2757 | Ossuary  | Reached skill level 5 in Unarmed Combat
  2854 | Ossuary  | Reached XP level 7. HP: 68/68 MP: 6/6
  2893 | Ossuary  | Noticed a silent spectre
  3180 | D:4      | Reached skill level 6 in Unarmed Combat
  3340 | D:4      | Found a blossoming altar of Fedhas.
  3354 | D:4      | Noticed an oklob plant
  3463 | D:4      | Found a staircase to the Ecumenical Temple.
  3475 | Temple   | Entered the Ecumenical Temple
  3960 | D:5      | Entered Level 5 of the Dungeon
  3982 | D:5      | Found a transporter.
  3984 | D:5      | Noticed a yak
  3987 | D:5      | Found a transporter.
  3992 | D:5      | Found a shimmering blue altar of Sif Muna.
  3993 | D:5      | Found an opulent altar of Gozag.
  4076 | D:5      | Noticed Pikel
  4094 | D:5      | Killed Pikel
  4095 | D:5      | Reached skill level 5 in Shields
  4095 | D:5      | Reached skill level 7 in Unarmed Combat
  4095 | D:5      | Reached XP level 8. HP: 13/79 MP: 7/7
  4278 | D:5      | Noticed Sigmund
  4298 | D:5      | Killed Sigmund
  4299 | D:5      | Reached skill level 5 in Fighting
  4461 | D:5      | Reached skill level 8 in Unarmed Combat
  4823 | D:5      | Reached XP level 9. HP: 54/84 MP: 8/8
  4950 | D:6      | Found an ornate altar of the Wu Jian Council.
  5183 | D:6      | Found a runed translucent door.
  5184 | D:6      | Noticed Crazy Yiuf
  5195 | D:6      | Killed Crazy Yiuf
  5328 | D:6      | Noticed a two-headed ogre
  5341 | D:6      | Reached skill level 9 in Unarmed Combat
  5345 | D:6      | Killed a two-headed ogre
  5791 | D:7      | Reached skill level 10 in Unarmed Combat
  5822 | D:7      | Noticed Dowan
  5905 | D:7      | Killed Dowan
  6017 | D:7      | Noticed Duvessa
  6320 | D:7      | Noticed a juvenile oxsting beast
  6332 | D:7      | Killed a juvenile oxsting beast
  6582 | D:7      | Killed Duvessa
  6583 | D:7      | Reached XP level 10. HP: 100/100 MP: 9/9
  6772 | D:8      | Found Jytostreph's Magic Scroll Emporium.
  6817 | D:8      | Bought a scroll of teleportation for 42 gold pieces
  6817 | D:8      | Bought 3 scrolls of blinking for 315 gold pieces
  6817 | D:8      | Bought a scroll of fear for 56 gold pieces
  6817 | D:8      | Bought a scroll of fear for 56 gold pieces
  6818 | D:8      | Found Ygyraasm's Book Shop.
  6832 | D:8      | Found Roachikh's Assorted Antiques.
  6905 | D:8      | Reached skill level 11 in Unarmed Combat
  7053 | D:8      | Found a runed translucent door.
  7054 | D:8      | Noticed mandarbmax's ghost (novice TrSh)
  7055 | D:8      | Found Ymishrem's Magic Scroll Shop.
  7092 | D:8      | Found Faroly's Book Shop.
  7192 | D:8      | Found a sparkling altar of Nemelex Xobeh.
  7220 | D:8      | Found a transporter.
  7341 | D:8      | Found an iron altar of Okawaru.
  7365 | D:8      | Became a worshipper of Warmaster Okawaru
  7383 | D:8      | Found an ancient bone altar of Kikubaaqudgha.
  7915 | D:9      | Found a hide-covered altar of Uskayaw.
  7941 | D:9      | Found a glowing silver altar of Zin.
  7942 | D:9      | Found a broken altar of Ashenzari.
  7992 | D:9      | Noticed a two-headed ogre
  8002 | D:9      | Killed a two-headed ogre
  8002 | D:9      | Reached * piety under Okawaru
  8003 | D:9      | Reached skill level 1 in Throwing
  8167 | D:9      | Found Polyllac's Antique Weapon Emporium.
  8363 | D:10     | Entered Level 10 of the Dungeon
  8386 | D:10     | Found Heisyg's Distillery.
  8416 | D:10     | Bought a potion of haste for 120 gold pieces
  8451 | D:10     | Found Kapliole's Book Emporium.
  8742 | D:10     | Noticed a gargoyle
  8750 | D:10     | Killed a gargoyle
  8750 | D:10     | Reached ** piety under Okawaru
  8751 | D:10     | Reached skill level 12 in Unarmed Combat
  8769 | D:10     | Found Fuyvuogo's Antique Weapon Shop.
  8967 | D:11     | Noticed a purple ugly thing
  9077 | D:11     | Killed a purple ugly thing
  9078 | D:11     | Reached XP level 11. HP: 103/109 MP: 8/10
  9095 | D:11     | Reached skill level 1 in Invocations
  9100 | D:11     | Reached *** piety under Okawaru
  9202 | D:11     | Found a staircase to the Lair.
  9268 | D:11     | Found a staircase to the Orcish Mines.
  9287 | D:11     | Reached **** piety under Okawaru
  9371 | D:11     | Noticed a two-headed ogre
  9378 | D:11     | Killed a two-headed ogre
  9439 | D:11     | Noticed an obsidian statue
  9439 | D:11     | Noticed an orange crystal statue
  9636 | D:11     | Noticed a two-headed ogre
  9643 | D:11     | Killed a two-headed ogre
  9993 | Lair:1   | Entered Level 1 of the Lair of Beasts
  9999 | Lair:1   | Reached ***** piety under Okawaru
 10058 | Lair:1   | Reached skill level 13 in Unarmed Combat
 10141 | Lair:1   | Received a gift from Okawaru
 10498 | Lair:1   | Noticed Erica
 10518 | Lair:1   | Killed Erica
 10519 | Lair:1   | Reached XP level 12. HP: 48/122 MP: 13/13
 10705 | Lair:1   | Noticed Jeremiah
 10713 | Lair:1   | Killed Jeremiah
 10913 | Lair:2   | Noticed an eight-headed hydra
 10944 | Lair:2   | Noticed an eight-headed hydra
 10956 | Lair:2   | Slain by an eight-headed hydra

Illustrated notes

Levels and vault maps discovered:
D:1:      matt_arrival_spirals, layout_rooms
D:2:      layout_basic, basic_altar, kennysheep_cluttered_room,
          serial_bayou_pond_b
D:3:      layout_loops_ring, grunt_temple_overflow_holy_war, trog_wizard,
          dreamdust_ecumenical_altar_drowned_temple
D:4:      cheibrodos_quashed, layout_basic, tgw_fedhas, temple_hall,
          serial_forest, infiniplex_forest_corner_2,
          infiniplex_forest_clump_double, infiniplex_forest_clump_small,
          infiniplex_forest_zigzag_1, infiniplex_forest_lined_3_way,
          enter_ossuary_4, nicolae_elevator_lobby_plus
D:5:      layout_loops_ring, gammafunk_temple_overflow_arena,
          nicolae_twisty_statue_hallways, uniq_sigmund, uniq_pikel
D:6:      kennysheep_big_flooded_room, layout_loops_cross,
          nicolae_wu_jian_wuxing_cycle, minmay_misc_feat_secret_circle,
          uniq_crazy_yiuf_cottage
D:7:      layout_basic, serial_corexii_hall, chequers_hall_statues_wall_a,
          corexii_hall_statues_x, corexii_hall_statues_t,
          hangedman_abyss_or_decor_lesser_grid, nicolae_beast_mode, uniq_duvessa
D:8:      layout_rooms, lemuel_tele_altar, mainiacjoe_overflow_brackets,
          mainiacjoe_overflow_concentric_impassable, serial_undead,
          serial_undead_d, serial_undead_b, serial_undead_f, serial_undead_c,
          serial_shops, nicolae_shop_peninsula, shop, nicolae_shop_tiny_glass,
          nicolae_shop_rolling_square, shop_statue, ebering_ghost_inner_flame,
          nicolae_diode_basic
D:9:      layout_loops_ring, nicolae_uskayaw_murder_on_the_dancefloor,
          chequers_temple_overflow_statue_of_worship, serial_shops, shop
D:10:     layout_cave_pools, serial_shops, shop, shop,
          nicolae_shop_overgrown_old_shop
D:11:     layout_irregular_city, lair_entry_dummy, david_orc_2, david_greed
Temple:   hellmonk_temple_forest_ring
Lair:1:   layout_regular_city, uniq_erica, uniq_jeremiah
Lair:2:   layout_chaotic_city, nicolae_shoals_entry_roost, enter_volcano_3,
          gammafunk_lair_bear_cave, grunt_megastairs_4, uniq_fannar,
          uniq_amaemon

Skill      XL: |  1  2  3  4  5  6  7  8  9 10 11 |
---------------+----------------------------------+-----
Shields        | 3 4 5 6 7 8 9 |  9.1
Unarmed Combat | 3 4 5 7 8 10 12 13 | 13.4
Fighting       | 3 4 5 6 7 8 |  8.3
Throwing       | 2 4 |  4.3
Invocations    | 3 |  3.5
Dodging        | |  2.4

Action                     |  1- 3 |  4- 6 |  7- 9 | 10-12 || total
---------------------------+-------+-------+-------+-------++-------
  Melee: Unarmed           |    88 |   103 |   237 |   435 ||   863
         Trident           |       |       |       |    10 ||    10
  Throw: Boomerang         |       |       |       |     1 ||     1
 Invoke: Heroism           |       |       |       |     6 ||     6
    Use: Potion            |       |     1 |     5 |     1 ||     7
         Scroll            |       |       |    23 |     4 ||    27
   Stab: Invisible         |       |       |     4 |       ||     4
 Armour: Robe              |    21 |    26 |    27 |    36 ||   110
         Troll leather arm |       |       |       |    21 ||    21
  Dodge: Dodged            |    19 |    34 |    90 |   215 ||   358
  Block: Kite shield       |    35 |    56 |   107 |   211 ||   409

Table legend: (Time is in decaauts)
 A = Elapsed time spent in this place.
 B = Non-inter-level travel time spent in this place.
 C = Inter-level travel time spent in this place.
 D = Time resting spent in this place.
 E = Time spent auto-exploring this place.
 F = Levels seen in this place.
 G = Mean time per level.
                   A        B        C        D        E       F      G
               +--------+--------+--------+--------+--------+-----+--------+
         Total |  10880 |  10396 |    484 |    625 |   6609 |  15 |  725.3 |
       Dungeon |   9487 |   9037 |    450 |    564 |   5995 |  11 |  862.5 |
        Temple |     45 |     44 |      1 |      0 |      0 |   1 |   45.0 |
          Lair |    955 |    922 |     33 |     24 |    614 |   2 |  477.5 |
       Ossuary |    393 |    393 |      0 |     37 |      0 |   1 |  393.0 |
               +--------+--------+--------+--------+--------+-----+--------+

Top non-repeatable levels by time:
     D:4: 1346 daAuts
     D:7: 1170 daAuts
    D:11: 997 daAuts
     D:5: 938 daAuts
  Lair:1: 935 daAuts
     D:2: 912 daAuts
     D:9: 850 daAuts
     D:8: 807 daAuts
     D:3: 686 daAuts
     D:6: 609 daAuts
     D:1: 584 daAuts
    D:10: 582 daAuts
 Ossuary: 393 daAuts
  Temple: 45 daAuts
  Lair:2: 19 daAuts
